 Dungeon Crawl Stone Soup version 0.23.2-33-g5129a83184 (webtiles) character file.

Game seed: 3529153505685938866

103348 Exodus22XD the Tortoise (level 15, -3/143 HPs)
             Began as a Minotaur Berserker on July 1, 2019.
             Was the Champion of Trog.
             Killed from afar by Roxanne (14 damage)
             ... with a bolt of magma
             ... on level 14 of the Dungeon.
             The game lasted 01:32:07 (22814 turns).

Exodus22XD the Tortoise (Minotaur Berserker)       Turns: 22814, Time: 01:32:07

Health: -3/143     AC: 28    Str: 26    XL:     15   Next: 88%
Magic:  4/4        EV: 14    Int: 13    God:    Trog [******]
Gold:   2405       SH:  0    Dex: 13    Spells: 14/14 levels left

rFire    + + .     SeeInvis +   O - +8 executioner's axe (antimagic)
rCold    . . .     Gourm    .   (shield currently unavailable)
rNeg     . . .     Faith    .   Y - +0 plate armour "Hoashas" {-Tele rElec Int+9}
rPois    .         Spirit   .   (helmet restricted)
rElec    +         Reflect  .   i - +1 cloak
rCorr    .         Harm     +   S - +0 pair of gloves
MR       ++...     NoTele   +   A - +5 pair of boots of Knowledge {Dex+3}
Stlth    ..........             e - amulet of harm
HPRegen  0.33/turn              K - ring "Rotiejod" {Wiz rF++ MR+}
MPRegen  0.09/turn              t - ring of see invisible

@: no status effects
A: retaliatory headbutt, hooves 1, horns 2, deterioration 1, weak 1, wild magic
1
a: Berserk, Trog's Hand, Brothers in Arms, Renounce Religion


You were on level 14 of the Dungeon.
You worshipped Trog.
Trog was exalted by your worship.
You were hungry.

You visited 2 branches of the dungeon, and saw 21 of its levels.
You also visited: Gauntlet and Ice Cave.

You collected 2405 gold pieces.

Inventory:

Hand Weapons
 G - the +7 mace of Variability {chain chaos}
   (You found it on level 8 of the Dungeon)

   Each time it hits an enemy it has a different, random effect.
 H - the +3 trident "Hydra's Death Toll" {pierce, rPois}
   (You found it on level 8 of the Dungeon)

   It inflicts extra damage upon your enemies.
   It protects you from poison.
 O - a +8 antimagic executioner's axe (weapon)
Armour
 i - a +1 cloak (worn)
 A - the +5 pair of boots of Knowledge (worn) {Dex+3}
   (You found it on level 4 of the Dungeon)

   It affects your dexterity (+3).
 C - a +0 plate armour
 S - a +0 pair of gloves (worn)
 Y - the +0 plate armour "Hoashas" (worn) {-Tele rElec Int+9}
   (You found it on level 12 of the Dungeon)

   It affects your intelligence (+9).
   It insulates you from electricity.
   It prevents most forms of teleportation.
Jewellery
 b - an uncursed ring of poison resistance
 e - an amulet of harm (around neck)
 g - an uncursed amulet of rage {unknown}
 s - a +3 ring of protection
 t - a ring of see invisible (right hand)
 v - an uncursed ring of protection from cold
 x - an uncursed ring of protection from magic
 y - an uncursed ring of ice {unknown}
 E - the ring "Count" {rPois rC- Str+3 Int+7}
   (You found it in a Gauntlet)

   [ring of poison resistance]

   It affects your strength (+3).
   It affects your intelligence (+7).
   It makes you vulnerable to cold.
   It protects you from poison.
 K - the ring "Rotiejod" (left hand) {Wiz rF++ MR+}
   (You found it in a Gauntlet)

   [ring of wizardry]

   It improves your spell success rate.
   It greatly protects you from fire.
   It affects your resistance to hostile enchantments.
 L - the amulet of Vitality {Regen+ HP+15}
   (You found it on level 10 of the Dungeon)

   [amulet of regeneration]

   It affects your health (+15).
   It increases your rate of regeneration.
 P - an uncursed ring of positive energy {unknown}
 Q - a +5 ring of dexterity {unknown}
 T - an uncursed ring of ice {unknown}
 U - the ring "Orusk" {AC-3 Dex+5}
   (You found it on level 12 of the Dungeon)

   [ring of protection]

   It affects your AC (-3).
   It affects your dexterity (+5).
 X - a +2 ring of evasion {unknown}
Wands
 h - a wand of iceblast (7)
Scrolls
 a - 2 scrolls of immolation
 d - 7 scrolls of teleportation
 n - a scroll of fear
 o - 8 scrolls of remove curse
 r - 7 scrolls of blinking
 u - 6 scrolls of magic mapping
 z - 2 scrolls of vulnerability
 D - a scroll of acquirement
 I - 5 scrolls of enchant armour
 M - a scroll of summoning
 R - a scroll of fog
 V - a scroll of brand weapon {unknown}
 Z - 5 scrolls of identify
Potions
 f - 3 potions of flight
 j - 9 potions of curing
 k - 3 potions of berserk rage
 l - 2 potions of heal wounds
 m - a potion of might {unknown}
 p - 5 potions of haste
 q - 4 potions of lignification
 w - a potion of invisibility
 B - 2 potions of magic
 F - 5 potions of resistance
 J - a potion of brilliance {unknown}
 N - a potion of agility
Comestibles
 c - 50 rations


   Skills:
 * Level 15.6 Fighting
 - Level 12.8(16.2) Axes
 + Level 16.7(18.1) Maces & Flails
 - Level 0.1(8.3) Polearms
 * Level 16.7 Armour
 * Level 12.2 Dodging
 - Level 1.1 Stealth


You had 14 spell levels left.
You didn't know any spells.
Your spell library was empty.

Dungeon Overview and Level Annotations

Branches:
Dungeon (15/15)            Temple (0/1) D:6            Lair (6/6) D:10
  Swamp (0/4) Lair:3       Spider (0/4) Lair:3        Slime (0/5) Lair:6
    Orc (0/2) D:11         Vaults (0/5) D:14         Depths (0/5) D:15

Altars:
Elyvilon
Gozag
Kikubaaqudgha
Makhleb
Okawaru
Qazlal
Sif Muna
Wu Jian
Xom
The Shining One

Shops:
D:6 !   D:14 %

Portals:
Hell: Lair:6
Trove: D:12 (give 5 scrolls of blinking)

Annotations:
D:2 2 transporters
D:14 exclusion: Roxanne, Roxanne
Lair:5 3 runed translucent doors, Bolunijamo's ghost, journeyman GnFi


Innate Abilities, Weirdness & Mutations

You reflexively headbutt those who attack you in melee.
You have a pair of horns on your head.
You have large cloven feet.
Your body sometimes deteriorates upon taking damage.
You are weak. (Str -2)
Your spells are a little harder to cast, but a little more powerful.


Message History

Press: ? - help, v - describe, . - travel
Here: Roxanne (heavily damaged, slightly transparent)
The floor.
You feel magic leave you.
O - a +8 antimagic executioner's axe (weapon)
You hit Roxanne.
Roxanne's magic leaks into the air.
You headbutt Roxanne, but do no damage.
Roxanne is heavily damaged.
Roxanne mumbles some strange words.
The iron shot misses you.
You hit Roxanne but do no damage.
Roxanne is heavily damaged.
Roxanne casts a spell.
The iron shot hits you!!
* * * LOW HITPOINT WARNING * * *
You hit Roxanne but do no damage.
Roxanne is heavily damaged.
Roxanne mumbles some strange words.
The bolt of magma hits you! You partially resist.
You die...

#.# ##+## #.# ##...##
#.#
##.....#######.#####
#.......##.........#
.........#.##.../..##
.........'....†...#.#
.....^...#:##....#.#
#.......##......@..#
##.....#########.8.#
......## #...#
####..# #.### #..#
#.# #..# #.# .... #.#
#.#


You could see Roxanne (invisible).

Vanquished Creatures
  A frost giant (IceCv)
  Louise (D:14)
  A fire giant (D:15)
  2 vampire knights (D:15)
  Nessos (D:12)
  A spark wasp (Lair:5)
  A minotaur (Gauntlet)
  An ice dragon (D:15)
  5 hydras
  A hell beast (Lair:6)
  3 centaur warriors
  10 two-headed ogres
  A death knight (D:15)
  A catoblepas (Lair:6)
  7 death yaks
  2 ogre magi
  A tengu warrior (D:13)
  A hell hog (D:14)
  An iron troll (D:14)
  A deep elf archer (D:14)
  2 wizards
  A necromancer (Lair:4)
  2 orc knights
  2 lindwurms
  9 ugly things
  3 deep elf magi (D:14)
  2 manticores (D:10)
  2 cyclopes
  15 elephants
  A black mamba (Lair:6)
  An ice statue (IceCv)
  2 orange demons (Lair:6)
  4 gargoyles
  13 spiny frogs
  2 minotaur zombies (Gauntlet)
  5 rime drakes
  7 komodo dragons
  2 kobold demonologists
  4 yaktaurs (D:14)
  A hellwing (Lair:6)
  A freezing wraith (D:14)
  A guardian mummy (D:12)
  2 ice devils (Lair:6)
  An efreet (D:14)
  A queen bee (Lair:1)
  3 trolls
  16 polar bears (IceCv)
  A red devil (Lair:6)
  3 hornets
  2 tyrant leeches (D:15)
  Prince Ribbit (D:5)
  11 blink frogs
  14 slime creatures
  16 hippogriffs
  2 meliai zombies (D:12)
  2 centaur simulacra (Gauntlet)
  2 redbacks (Lair:3)
  3 vampires (D:15)
  A water elemental (D:14)
  A shadow (D:12)
  A wraith (D:11)
  7 wyverns
  2 fire elementals (D:14)
  3 hogs (D:8)
  A human (D:8)
  58 yaks
  4 basilisks
  5 chaos spawn
  4 vampire mosquitoes
  5 hungry ghosts
  A neqoxec (Gauntlet)
  2 swamp worms (Gauntlet)
  2 soldier ants
  A harpy simulacrum (Gauntlet)
  4 acid dragons
  A floating eye (shapeshifter) (D:8)
  14 water moccasins
  9 hell hounds
  6 orc warriors
  6 porcupines
  A swamp drake (D:10)
  An ice beast (D:10)
  3 phantoms
  6 sky beasts
  3 black bears
  A sky beast (shapeshifter) (D:14)
  A necrophage (D:10)
  11 ogres
  37 wolves
  7 centaurs
  13 crocodiles
  A big kobold (D:14)
  19 bullfrogs
  2 wyvern skeletons (D:10)
  5 scorpions
  A water moccasin skeleton (D:9)
  2 troll zombies (D:11)
  24 killer bees
  8 howler monkeys
  3 wights (D:8)
  A centaur zombie (D:11)
  A lava snake (Lair:6)
  13 crimson imps
  2 quasits
  A wyvern simulacrum (Gauntlet)
  10 hounds
  6 jellies
  3 bullfrog skeletons
  5 centaur skeletons
  12 orc priests
  Jessica (D:3)
  A hell rat (D:14)
  Natasha (twice) (D:2)
  3 iguanas
  14 orc wizards
  8 worker ants
  3 yak simulacra (Lair:4)
  3 polar bear simulacra (Lair:4)
  A killer bee zombie (D:9)
  2 wolf simulacra (Lair:4)
  4 ogre zombies (D:11)
  2 hound skeletons
  2 worker ant zombies
  Robin (D:4)
  24 adders
  A shadow imp (D:14)
  An ooze (D:2)
  3 adder skeletons
  4 worms
  3 dart slugs
  9 leopard geckos
  53 orcs
  A bat zombie (D:4)
  5 giant cockroaches
  12 goblins
  14 hobgoblins
  13 jackals
  6 quokkas
  4 ball pythons
  10 bats
  7 frilled lizards
  A goblin skeleton (D:11)
  2 goblin zombies (D:11)
  3 hobgoblin skeletons (D:11)
  2 hobgoblin zombies (D:11)
  16 kobolds
  A leopard gecko skeleton (D:4)
  4 orc skeletons (D:11)
  7 orc zombies (D:11)
  5 rats
  3 river rat simulacra (Lair:4)
  A fungus (Lair:1)
808 creatures vanquished.

Vanquished Creatures (others)
  An ugly thing (D:14)
  A komodo dragon (Lair:4)
  A yaktaur (D:14)
  A troll (D:10)
  3 yaks (D:14)
  A wolf (IceCv)
  6 demonic plants (Gauntlet)
  11 fungi
  3 plants
  3 withered plants (Gauntlet)
31 creatures vanquished.

Grand Total: 839 creatures vanquished

Notes
Turn   | Place    | Note
-------+----------+-------------------------------------------
     0 | D:1      | Exodus22XD the Minotaur Berserker began the quest for the
                  | Orb.
     0 | D:1      | Reached XP level 1. HP: 19/19 MP: 0/0
    30 | D:1      | Reached XP level 2. HP: 14/27 MP: 1/1
   518 | D:1      | Reached XP level 3. HP: 32/33 MP: 2/2
   520 | D:1      | Reached ** piety under Trog
   795 | D:2      | Found an ornate altar of the Wu Jian Council.
   799 | D:2      | Found a transporter.
   804 | D:2      | Noticed a centaur
   880 | D:2      | Noticed Natasha
   892 | D:2      | Killed Natasha
   892 | D:2      | Reached XP level 4. HP: 27/41 MP: 3/3
   927 | D:2      | Found a transporter.
  1028 | D:2      | Found a faded altar of an unknown god.
  1271 | D:2      | Reached skill level 5 in Axes
  1293 | D:2      | Noticed Natasha
  1296 | D:2      | Killed Natasha
  1296 | D:2      | Reached XP level 5. HP: 47/47 MP: 4/4
  1536 | D:2      | Reached skill level 5 in Fighting
  1875 | D:3      | Reached *** piety under Trog
  2178 | D:3      | Noticed Jessica
  2180 | D:3      | Killed Jessica
  2211 | D:3      | Reached XP level 6. HP: 45/56 MP: 5/5
  2497 | D:3      | Found a white marble altar of Elyvilon.
  2705 | D:4      | Reached **** piety under Trog
  2926 | D:4      | Noticed Robin
  2933 | D:4      | Killed Robin
  3213 | D:4      | Reached XP level 7. HP: 61/61 MP: 6/6
  3222 | D:4      | Reached skill level 5 in Armour
  3275 | D:4      | Got a pair of smoking boots
  3281 | D:4      | Identified the +5 pair of boots of Knowledge {Dex+3} (You
                  | found it on level 4 of the Dungeon)
  3600 | D:4      | Found an ancient bone altar of Kikubaaqudgha.
  3723 | D:5      | Entered Level 5 of the Dungeon
  3817 | D:5      | Noticed Prince Ribbit
  3823 | D:5      | Killed Prince Ribbit
  3823 | D:5      | Reached XP level 8. HP: 70/70 MP: 7/7
  4899 | D:6      | Reached XP level 9. HP: 65/78 MP: 8/8
  4944 | D:6      | Found a staircase to the Ecumenical Temple.
  4967 | D:6      | Found Jupnomi's Distillery.
  5176 | D:6      | Reached ***** piety under Trog
  5661 | D:7      | Reached skill level 10 in Axes
  5781 | D:7      | Found a burning altar of Makhleb.
  6015 | D:7      | Found a deep blue altar of Sif Muna.
  6462 | D:8      | Paralysed by a hornet for 2 turns
  6644 | D:8      | Found an opulent altar of Gozag.
  6654 | D:8      | Found an iron altar of Okawaru.
  6811 | D:8      | Got a transparent trident
  6813 | D:8      | Identified the +3 trident "Hydra's Death Toll" {pierce,
                  | rPois} (You found it on level 8 of the Dungeon)
  6924 | D:8      | Found the +7 mace of Variability {chain chaos}
  6934 | D:8      | Received a gift from Trog
  6935 | D:8      | Reached skill level 10 in Armour
  6936 | D:8      | Found a shimmering altar of Xom.
  7227 | D:8      | Noticed a two-headed ogre
  7233 | D:8      | Noticed a two-headed ogre
  7430 | D:8      | Killed a two-headed ogre
  7430 | D:8      | Reached skill level 5 in Dodging
  7430 | D:8      | Reached XP level 10. HP: 88/88 MP: 9/9
  7434 | D:8      | Killed a two-headed ogre
  7434 | D:8      | Received a gift from Trog
  7601 | D:8      | Noticed a glowing shapeshifter
  7601 | D:8      | a hog changed into a glowing shapeshifter
  7601 | D:8      | Noticed an eye of devastation
  7601 | D:8      | a glowing shapeshifter changed into an eye of devastation
  7604 | D:8      | an eye of devastation changed into a floating eye
  7605 | D:8      | Reached skill level 1 in Maces & Flails
  7804 | D:9      | Noticed a two-headed ogre
  7808 | D:9      | Killed a two-headed ogre
  7808 | D:9      | Reached skill level 1 in Stealth
  8062 | D:9      | Found a glowing golden altar of the Shining One.
  8280 | D:10     | Entered Level 10 of the Dungeon
  8352 | D:10     | Reached XP level 11. HP: 74/97 MP: 10/10
  8356 | D:10     | Found the amulet of Vitality {Regen+ HP+15}
  8845 | D:10     | Noticed an orc knight
  8855 | D:10     | Killed an orc knight
  8855 | D:10     | Reached skill level 5 in Maces & Flails
  9167 | D:10     | Received a gift from Trog
  9207 | D:10     | Found a staircase to the Lair.
  9675 | Lair:1   | Entered Level 1 of the Lair of Beasts
 10474 | Lair:2   | Reached skill level 10 in Fighting
 10516 | Lair:2   | Reached XP level 12. HP: 90/106 MP: 11/11
 10546 | Lair:2   | Found a gate leading to a gauntlet.
 10568 | Gauntlet | Entered a Gauntlet
 10568 | Gauntlet | Found a large runed translucent door.
 10568 | Gauntlet | Found a large runed translucent door.
 10568 | Gauntlet | Found a large runed translucent door.
 10568 | Gauntlet | Found a large runed translucent door.
 10568 | Gauntlet | Found a large runed translucent door.
 10568 | Gauntlet | Found a transporter.
 10568 | Gauntlet | Found a large runed translucent door.
 10568 | Gauntlet | Found a large runed translucent door.
 10568 | Gauntlet | Found a large runed translucent door.
 10568 | Gauntlet | Found a runed translucent door.
 10568 | Gauntlet | Found a runed translucent gate.
 10568 | Gauntlet | Found a runed translucent gate.
 10568 | Gauntlet | Found a transporter.
 10568 | Gauntlet | Found a transporter.
 10680 | Gauntlet | Found a transporter.
 10680 | Gauntlet | Found a transporter.
 10689 | Gauntlet | Found a transporter.
 10691 | Gauntlet | Found a transporter.
 10693 | Gauntlet | Noticed a death yak
 10693 | Gauntlet | Noticed a death yak
 10693 | Gauntlet | Noticed a death yak
 10694 | Gauntlet | Noticed a death yak
 10694 | Gauntlet | Noticed a death yak
 10695 | Gauntlet | Noticed a death yak
 10699 | Gauntlet | Found a transporter.
 10717 | Gauntlet | Found a transporter.
 10734 | Gauntlet | Found a transporter.
 10737 | Gauntlet | Found a transporter.
 10747 | Gauntlet | Found a transporter.
 10752 | Gauntlet | Found a runed translucent gate.
 10753 | Gauntlet | Found a large runed translucent door.
 10753 | Gauntlet | Found a large runed translucent door.
 10754 | Gauntlet | Found a large runed translucent door.
 10755 | Gauntlet | Found a large runed translucent door.
 10756 | Gauntlet | Found a large runed translucent door.
 10756 | Gauntlet | Found a large runed translucent door.
 10756 | Gauntlet | Found a runed translucent door.
 10757 | Gauntlet | Found a large runed translucent door.
 10758 | Gauntlet | Found a large runed translucent door.
 10991 | Gauntlet | Got a wavering pewter ring
 10993 | Gauntlet | Identified the ring "Count" {rPois rC- Str+3 Int+7} (You
                  | found it in a Gauntlet)
 11004 | Gauntlet | Noticed a minotaur
 11015 | Gauntlet | Killed a minotaur
 11197 | Gauntlet | Got a sparkling lead ring
 11200 | Gauntlet | Identified the ring "Rotiejod" {Wiz rF++ MR+} (You found it
                  | in a Gauntlet)
 11649 | Lair:2   | Reached skill level 10 in Maces & Flails
 11932 | Lair:3   | Found a staircase to the Swamp.
 11946 | Lair:3   | Reached ****** piety under Trog
 12125 | Lair:3   | Noticed a death yak
 12125 | Lair:3   | Noticed a death yak
 12126 | Lair:3   | Noticed a death yak
 12126 | Lair:3   | Noticed a death yak
 12131 | Lair:3   | Killed a death yak
 12132 | Lair:3   | Killed a death yak
 12134 | Lair:3   | Killed a death yak
 12144 | Lair:3   | Killed a death yak
 12346 | Lair:3   | Found a hole to the Spider Nest.
 12590 | Lair:4   | Reached XP level 13. HP: 96/116 MP: 12/12
 13107 | Lair:4   | You fall through a shaft for 2 floors!
 13107 | Lair:6   | Entered Level 6 of the Lair of Beasts
 13449 | Lair:6   | Received a gift from Trog
 13767 | Lair:6   | Found a staircase to the Slime Pits.
 13953 | Lair:6   | Reached skill level 10 in Dodging
 14376 | Lair:6   | Found a burning altar of Makhleb.
 14578 | Lair:6   | Found a gateway to Hell.
 14885 | Lair:5   | Found a frozen archway.
 14893 | IceCv    | Entered an ice cave
 14947 | IceCv    | Reached skill level 15 in Armour
 15166 | IceCv    | Reached XP level 14. HP: 127/127 MP: 13/13
 15486 | IceCv    | Noticed a frost giant
 15500 | IceCv    | Killed a frost giant
 16348 | Lair:5   | Received a gift from Trog
 16357 | Lair:5   | Found a runed translucent gate.
 16357 | Lair:5   | Found a runed translucent gate.
 16357 | Lair:5   | Found a runed translucent gate.
 16357 | Lair:5   | Noticed Bolunijamo's ghost (journeyman GnFi)
 17934 | D:11     | Found a staircase to the Orcish Mines.
 18559 | D:12     | Received a gift from Trog
 18778 | D:12     | Identified a scroll of acquirement
 18790 | D:12     | Got a smelly plate armour
 18801 | D:12     | Identified the cursed +0 plate armour "Hoashas" {-Tele
                  | rElec Int+9} (You found it on level 12 of the Dungeon)
 18858 | D:12     | Noticed Nessos
 18874 | D:12     | Killed Nessos
 18874 | D:12     | Reached skill level 15 in Maces & Flails
 19359 | D:12     | Got a scintillating marble ring
 19418 | D:12     | Found a stormy altar of Qazlal.
 19460 | D:12     | Found a portal to a secret trove of treasure.
 19660 | D:13     | Reached XP level 15. HP: 78/139 MP: 14/14
 19956 | D:13     | Received a gift from Trog
 20108 | D:13     | Gained mutation: Your body sometimes deteriorates upon
                  | taking damage. [potion of mutation]
 20108 | D:13     | Gained mutation: You are weak. (Str -2) [potion of
                  | mutation]
 20108 | D:13     | Gained mutation: You have large cloven feet. [potion of
                  | mutation]
 20108 | D:13     | Gained mutation: Your spells are a little harder to cast,
                  | but a little more powerful. [potion of mutation]
 20332 | D:14     | Noticed Azrael
 20343 | D:14     | Noticed Azrael
 20343 | D:14     | Azrael changed into Azrael the hell hog
 20344 | D:14     | Killed Azrael the hell hog
 20418 | D:14     | Noticed Jorgrun
 20422 | D:14     | Noticed Jorgrun
 20422 | D:14     | Jorgrun changed into Jorgrun the iron troll
 20433 | D:14     | Killed Jorgrun the iron troll
 20678 | D:14     | Noticed Louise
 20715 | D:14     | Killed Louise
 20886 | D:14     | Identified the cursed ring "Orusk" {AC-3 Dex+5} (You found
                  | it on level 12 of the Dungeon)
 20919 | D:14     | Found a gate to the Vaults.
 20981 | D:14     | Found Cobajisch's Food Emporium.
 21051 | D:14     | Reached skill level 15 in Fighting
 21124 | D:14     | Received a gift from Trog
 21183 | D:14     | You fall through a shaft!
 21183 | D:15     | Entered Level 15 of the Dungeon
 21529 | D:15     | Found a staircase to the Depths.
 21529 | D:15     | Noticed a fire giant
 21721 | D:15     | Found the +12 Vampire's Tooth {vamp}
 22320 | D:15     | Killed a fire giant
 22794 | D:14     | Identified Roxanne's Almanac of Earth
 22794 | D:14     | Noticed Roxanne
 22814 | D:14     | Killed from afar by Roxanne

Skill      XL: |  1  2  3  4  5  6  7  8  9 10 11 12 13 14 15 |
---------------+----------------------------------------------+-----
Fighting       | 4 5 6 8 9 10 11 12 14 15 | 15.6
Axes           | 4 5 6 7 9 11 12 | 12.8
Dodging        | 3 4 5 6 8 9 10 11 12 | 12.2
Armour         | 3 4 6 8 10 11 12 13 15 16 | 16.7
Maces & Flails | 2 8 11 13 15 16 | 16.7
Stealth        | 1 |  1.1
Polearms       | |  0.1

Action                   |  1- 3 |  4- 6 |  7- 9 | 10-12 | 13-15 || total
-------------------------+-------+-------+-------+-------+-------++-------
Melee: Hand axe          |    64 |   170 |   199 |       |       ||   433
       Headbutt          |     7 |    33 |    83 |    64 |   174 ||   361
       War axe           |       |       |   102 |     6 |       ||   108
       Trident           |       |       |    11 |       |       ||    11
       Great mace        |       |       |       |   348 |   825 ||  1173
       Executioner's axe |       |       |       |       |    14 ||    14
Invok: Berserk           |     1 |     1 |     5 |     4 |     8 ||    19
       Trog's Hand       |       |       |     1 |     3 |     3 ||     7
       Brothers in Arms  |       |       |       |       |     2 ||     2
  Use: Scroll            |     2 |     1 |     8 |    11 |    12 ||    34
       Potion            |       |       |       |       |     4 ||     4
 Stab: Sleeping          |     2 |     2 |       |       |       ||     4
       Paralysed         |       |       |       |     5 |     4 ||     9
       Confused          |       |       |       |     1 |       ||     1
       Petrified         |       |       |       |     1 |     2 ||     3
       Distracted        |       |       |       |       |     1 ||     1
       Petrifying        |       |       |       |       |     1 ||     1
  Eat: Chunk             |     1 |     8 |    11 |    16 |    32 ||    68
       Ration            |       |       |     2 |     3 |     3 ||     8
Armor: Animal skin       |    11 |     7 |       |       |       ||    18
       Ring mail         |       |    24 |       |       |       ||    24
       Scale mail        |       |     4 |       |       |       ||     4
       Chain mail        |       |     3 |    49 |       |       ||    52
       Plate armour      |       |       |   161 |   295 |   622 ||  1078
Dodge: Dodged            |    43 |   107 |   137 |   302 |   683 ||  1272
